Map: 16-Bit LE

Players

Khalmanac

  • Race: Terran Terran
  • League: Diamond
  • Spawn Location: 7:00

PedroBear - Winner!

  • Race: Protoss Protoss
  • League: Diamond
  • Spawn Location: 1:00

VOD

Have the link to the VOD?

Description

Time

  • Played on: June 20, 2018, 10:48 p.m.
  • Length: 21:06
Show
View Real Time Build Order
Export as new Build Order

Khalmanac Terran 

Build Orders: Reaper Expand, MMM Bio 

Get SALT Encoding   

  12  0:00  SCV  
  13  0:12  SCV  
  14  0:18  Supply Depot  
  14  0:24  SCV  
  15  0:40  SCV  
  16  0:43  Barracks  
  16  0:52  SCV  
  16  0:54  Refinery  
  17  1:04  SCV  
  18  1:16  SCV  
  19  1:30  Orbital Command  
  19  1:36  Reaper  
  20  1:56  Command Center  
  20  2:02  SCV  
  21  2:14  SCV  
  22  2:16  Marine  
  22  2:17  Factory  
  23  2:37  Supply Depot  
  23  2:43  Barracks Reactor  
  23  2:49  Barracks  
  23  2:59  SCV  
  24  3:07  Factory Reactor  
  24  3:11  SCV  
  25  3:13  Refinery  
  25  3:14  Orbital Command  
  25  3:19  Marine  
  25  3:21  Marine  
  25  3:23  SCV  
  28  3:35  SCV  
  28  3:37  Marine  
  28  3:38  Barracks Tech Lab, Marine  
  31  3:43  Widow Mine x2  
  31  3:47  SCV  
  36  3:55  Marine  
  36  3:56  Marine  
  38  4:11  Widow Mine  
  38  4:12  Widow Mine  
  38  4:13  Marine, SCV  
  38  4:14  Marine  
  45  4:25  SCV  
  45  4:26  Supply Depot  
  45  4:27  Supply Depot  
  45  4:29  Marauder  
  45  4:31  Supply Depot, Marine  
  47  4:37  SCV  
  49  4:42  Engineering Bay  
  49  4:46  Stimpack  
  49  4:47  Engineering Bay  
  49  4:50  SCV  
  49  4:51  Marauder  
  49  4:52  SCV  
  53  4:55  Marine  
  54  5:05  SCV x2  
  56  5:12  Supply Depot x2  
  56  5:13  Terran Infantry Weapons Level 1  
  56  5:14  Terran Infantry Armor Level 1  
  56  5:16  Marine  
  57  5:32  SCV x2  
  57  5:34  Widow Mine x2  
  57  5:35  Marauder, Marine x2  
  67  5:44  SCV x2  
  69  5:53  Marine x2  
  69  5:56  Marine  
  72  6:00  Widow Mine x2  
  76  6:07  Barracks  
  76  6:08  SCV x2  
  76  6:11  Marine x2  
  79  6:14  Marauder  
  82  6:21  Widow Mine  
  84  6:27  Command Center  
  84  6:28  Marine  
  84  6:31  SCV x2  
  87  6:34  Widow Mine  
  89  6:42  Widow Mine  
  89  6:43  SCV x2  
  89  6:47  Combat Shields  
  93  6:51  Refinery  
  93  6:52  Refinery  
  93  6:56  Supply Depot, SCV  
  93  6:57  Supply Depot  
  93  6:58  Supply Depot  
  94  7:09  Starport  
  94  7:17  Widow Mine, Marine x3, SCV  
  99  7:35  Marine x3  
  88  7:52  SCV x2  
  88  7:53  Marine x3  
  88  7:56  Barracks Reactor  
  91  8:05  SCV x2  
  92  8:10  Marine x3  
  94  8:17  SCV  
  95  8:23  SCV  
  94  8:28  Marine x3  
  94  8:29  SCV  
  86  8:46  Marine x3  
  75  9:00  SCV x2  
  67  9:04  Marine x3  
  70  9:12  SCV x2  
  70  9:14  Planetary Fortress  
  70  9:20  Starport Reactor  
  70  9:22  Marine x3  
  73  9:24  SCV x2  
  75  9:36  Supply Depot, SCV x2  
  77  9:39  Marine x3  
  80  9:47  Missile Turret  
  80  9:48  SCV  
  80  9:49  SCV  
  80  9:50  Supply Depot  
  82  9:54  SCV  
  82  9:55  Marine  
  82  9:56  Marine  
  82  9:57  Marine x3  
  82  9:58  Supply Depot  
  88  10:00  SCV  
  88  10:01  SCV  
  88  10:02  Medivac x2  
  88  10:06  Sensor Tower, SCV  
  95  10:09  Missile Turret  
  95  10:13  Marine, SCV  
  95  10:14  Supply Depot  
  97  10:19  Starport, Factory Tech Lab  
  97  10:21  Marauder, Marine x2  
  99  10:22  Marine  
  99  10:23  Concussive Shells  
  99  10:27  Armory  
  102  10:33  SCV  
  102  10:34  SCV x2  
  105  10:37  Supply Depot  
  105  10:38  Marine  
  105  10:39  Marine x3  
  105  10:41  Siege Tank  
  105  10:42  Marauder  
  114  10:46  SCV x2  
  114  10:47  Refinery  
  114  10:48  Refinery  
  113  10:55  Marine  
  107  10:57  Marine x2  
  107  11:04  Marauder  
  104  11:13  Siege Tank  
  104  11:14  Viking x2  
  104  11:17  SCV x3  
  114  11:22  Marine x3  
  114  11:23  Marine  
  114  11:24  Marine  
  119  11:29  SCV  
  119  11:32  SCV x2  
  122  11:39  Marine, Missile Turret  
  122  11:40  Marine x2  
  122  11:41  Marine, SCV  
  122  11:44  SCV, Terran Infantry Weapons Level 2, Viking x2  
  132  11:56  Marine  
  132  11:57  Marine x2  
  132  11:58  Marine  
  132  11:59  Marine  
  137  12:14  Marine  
  137  12:15  Marine x3  
  138  12:17  Marine  
  136  12:32  Marine  
  136  12:33  Marine x3  
  136  12:35  Marine  
  132  12:50  Marine  
  132  12:51  Marine x2  
  123  12:58  Marine x2  
  89  13:07  Marine  
  89  13:09  Marine x2  
  84  13:16  Medivac x2, Marine x2  
  90  13:25  Command Center  
  90  13:26  Siege Tank, Marauder, Marine x2  
  96  13:28  Medivac x2  
  96  13:33  Terran Infantry Armor Level 2  
  96  13:34  Marine x2  
  103  13:44  Marine x2  
  103  13:46  Medivac x2  
  103  13:47  Marauder  
  109  13:51  Marine  
  110  13:58  Siege Tank  
  113  14:09  Marauder  
  114  14:13  Marine x4  
  114  14:30  Marauder, Marine  
  100  14:34  Marine x2  
  100  14:35  Marine  
  101  14:44  Planetary Fortress  
  101  14:47  Barracks  
  101  14:48  Marine, Barracks  
  101  14:51  Marauder  
  101  14:52  Marine x3  
  107  15:03  SCV x2  
  107  15:06  Marine  
  110  15:10  Marine x2  
  110  15:13  Marauder  
  114  15:15  SCV  
  114  15:21  SCV  
  116  15:27  SCV  
  117  15:33  SCV  
  117  15:34  Marauder  
  120  15:38  Marine  
  120  15:39  Marine x3  
  120  15:40  SCV  
  120  15:42  Terran Infantry Weapons Level 3  
  125  15:43  Barracks Tech Lab x2  
  125  15:47  SCV  
  126  15:50  SCV  
  126  15:52  SCV  
  126  15:56  Marauder, Marine  
  131  16:00  SCV  
  131  16:01  Supply Depot  
  131  16:02  Supply Depot  
  131  16:03  SCV  
  131  16:04  SCV  
  134  16:05  Marauder  
  134  16:06  Marauder  
  138  16:12  SCV  
  138  16:17  Marauder  
  141  16:26  Marine x2  
  141  16:27  Marauder x2, Marine  
  148  16:34  Supply Depot, Drilling Claws  
  148  16:35  Widow Mine  
  148  16:38  Marauder  
  152  16:48  Marauder x2  
  156  16:57  Widow Mine  
  156  17:00  Marauder  
  160  17:18  Widow Mine  
  160  17:20  Terran Infantry Armor Level 3  
  160  17:22  Medivac x2  
  165  17:23  Marine x4  
  165  17:24  Marauder x2  
  173  18:25  Marine x2  
  173  18:26  Marine x3  
  172  18:28  Marauder  
  172  18:30  Marauder  
  142  18:43  Marauder, Marine  
  142  18:44  Marine x3  
  148  18:49  Marine  
  148  18:50  Marine  
  143  19:01  Marine  
  126  19:05  Marauder  
  126  19:06  Marine x2  
  102  19:26  Marauder  
  102  19:29  Marine x2  
  102  19:30  Marine  
  95  19:36  Viking  
  95  19:37  Viking  
  94  19:44  SCV x3  
  97  19:47  Marauder  
  97  19:52  Barracks Tech Lab  
  97  19:54  Viking x2  
  97  19:58  Siege Tank  
  105  20:06  Viking x2  
  109  20:09  Marauder  
  110  20:21  Marauder, Marine x4  
  110  20:24  Viking  
  118  20:30  Marauder  
  120  20:39  Marine  
  105  20:43  Marauder  
  105  20:45  Marine  
Show
View Real Time Build Order
Export as new Build Order

PedroBear Protoss - Winner!

Build Orders:  

Get SALT Encoding   

  12  0:01  Probe  
  13  0:13  Probe  
  14  0:18  Pylon  
  14  0:25  Probe  
  15  0:37  Gateway  
  15  0:40  Probe  
  16  0:48  Probe  
  16  0:50  Assimilator  
  17  0:57  Probe  
  18  1:09  Probe  
  19  1:20  Pylon  
  19  1:21  Probe  
  20  1:25  Cybernetics Core  
  20  1:33  Probe  
  21  2:03  Stalker, Warp Gate  
  23  2:08  Assimilator  
  23  2:23  Nexus  
  23  2:26  Pylon  
  23  2:28  Probe  
  24  2:33  Gateway  
  23  2:40  Probe  
  23  2:42  Stalker  
  24  2:49  Probe  
  24  2:58  Probe  
  28  3:08  Forge  
  28  3:12  Twilight Council  
  28  3:14  Probe, Adept  
  29  3:26  Probe  
  32  3:38  Probe  
  32  3:39  Probe  
  32  3:40  Charge  
  34  3:50  Probe  
  35  3:57  Protoss Ground Weapons Level 1  
  35  4:02  Gateway  
  35  4:08  Photon Cannon  
  35  4:11  Assimilator  
  35  4:24  Zealot, Stalker  
  37  4:28  Probe  
  37  4:31  Probe  
  41  4:40  Probe  
  41  4:43  Probe  
  43  4:52  Probe  
  44  4:55  Probe  
  44  4:58  Robotics Facility  
  45  5:00  Pylon  
  45  5:04  Probe  
  46  5:07  Probe  
  46  5:08  Sentry  
  46  5:09  Sentry  
  51  5:17  Templar Archives  
  51  5:19  Probe  
  52  5:25  Gateway  
  52  5:27  Gateway  
  52  5:32  Blink  
  52  5:35  Probe  
  53  5:39  Assimilator  
  53  5:41  Observer  
  54  5:51  Adept  
  54  5:55  High Templar  
  58  5:58  Psionic Storm  
  58  5:59  Warp Prism  
  58  6:01  Probe  
  61  6:18  Pylon  
  61  6:21  Pylon  
  61  6:24  Pylon  
  61  6:35  Protoss Ground Armor Level 1  
  61  6:36  Pylon  
  61  6:37  Zealot x2  
  61  6:38  Zealot  
  66  6:47  Probe  
  67  6:57  Nexus  
  67  7:01  Pylon, High Templar x2  
  67  7:03  High Templar  
  67  7:05  Probe  
  67  7:06  Probe  
  75  7:17  Probe  
  75  7:19  Probe  
  78  7:23  Observer  
  78  7:24  Zealot x2  
  78  7:55  Zealot x3  
  78  7:56  Zealot x2  
  78  7:57  Probe  
  89  8:03  Gateway x2  
  87  8:06  Gateway  
  87  8:09  Pylon x2, Probe  
  86  8:14  Probe x2  
  86  8:16  Adept  
  86  8:17  Adept  
  86  8:18  Zealot  
  94  8:21  Probe, Zealot  
  91  8:40  Zealot  
  91  8:41  Zealot x4  
  77  8:55  Stalker  
  77  8:56  Zealot, Stalker  
  77  8:57  Zealot x2  
  69  9:13  Protoss Ground Weapons Level 2  
  69  9:23  Photon Cannon  
  69  9:26  Photon Cannon  
  69  9:27  Photon Cannon, Immortal  
  69  9:28  Stalker x3  
  69  9:29  High Templar x3  
  69  9:30  Zealot x2  
  85  9:31  Pylon  
  89  9:43  Probe  
  90  9:45  Assimilator  
  90  9:49  Assimilator  
  90  9:53  High Templar  
  90  9:54  High Templar x2  
  90  9:55  High Templar  
  90  9:56  Probe  
  90  9:57  Probe x2  
  101  10:06  Robotics Bay  
  101  10:09  Pylon, Probe x2  
  101  10:12  Archon x2  
  102  10:14  High Templar  
  102  10:18  Zealot x3  
  102  10:21  Probe  
  111  10:33  Probe  
  111  10:34  Forge  
  111  10:35  Pylon  
  112  10:38  Zealot x4  
  120  10:45  Probe  
  121  11:02  Probe  
  121  11:03  Probe  
  123  11:15  Stalker x4  
  123  11:16  Zealot x3  
  123  11:17  Zealot  
  139  11:22  Protoss Ground Armor Level 2  
  139  11:23  Protoss Ground Weapons Level 3  
  139  11:25  Nexus  
  139  11:26  Observer Gravitic Boosters  
  139  11:32  Pylon  
  139  11:34  Observer  
  139  11:45  Stalker x2  
  139  11:46  Stalker x2  
  148  11:58  Pylon  
  148  12:00  Pylon  
  148  12:04  High Templar x2  
  148  12:05  Zealot x2  
  150  12:16  Zealot x2  
  150  12:17  Zealot x2  
  149  12:37  Stalker x2  
  149  12:38  Zealot x2, Stalker x2  
  149  12:39  Zealot x2  
  101  13:00  Zealot x4  
  101  13:01  Zealot  
  99  13:23  Probe  
  100  13:30  Photon Cannon  
  100  13:31  Photon Cannon, Probe  
  100  13:34  Probe  
  100  13:39  Probe  
  92  13:42  Probe  
  92  13:43  Probe  
  92  13:47  High Templar x2  
  92  13:48  High Templar  
  101  13:49  Warp Prism  
  101  13:51  High Templar, Probe  
  101  13:54  Protoss Shields Level 1  
  104  13:55  Probe  
  104  13:56  Protoss Ground Armor Level 3  
  104  14:02  Probe  
  107  14:07  Probe  
  108  14:10  Probe  
  108  14:15  Probe  
  110  14:17  Archon  
  93  14:25  Probe, Observer  
  87  14:34  Zealot, Stalker x3  
  87  14:35  Zealot x3  
  101  14:52  Colossus, Probe  
  102  14:55  Extended Thermal Lance  
  108  15:02  Robotics Facility  
  108  15:05  Zealot  
  108  15:06  Zealot x2  
  112  15:07  Stalker  
  112  15:08  High Templar  
  112  15:09  High Templar  
  112  15:10  Zealot x2  
  122  15:30  Colossus  
  121  15:40  Probe  
  121  15:44  Pylon  
  121  15:47  Probe  
  128  15:50  Probe, Assimilator  
  128  15:51  Colossus  
  128  15:53  Assimilator  
  128  15:56  Zealot  
  131  15:57  Assimilator, Zealot x4  
  131  15:58  High Templar  
  131  16:00  Stalker  
  131  16:02  Probe  
  150  16:15  Probe  
  151  16:18  Protoss Shields Level 2  
  151  16:19  Pylon  
  151  16:20  Observer  
  152  16:30  Colossus  
  152  16:45  Probe  
  159  16:49  Probe  
  160  16:55  Zealot x3  
  160  16:58  Adept  
  160  17:00  Stalker x2  
  160  17:01  Nexus, Stalker x2  
  176  17:03  Pylon  
  175  17:10  Immortal  
  175  17:13  Probe  
  176  17:20  Warp Prism  
  170  17:52  Photon Cannon x2  
  170  17:55  Colossus  
  172  18:30  Nexus  
  154  18:41  Zealot x3  
  154  18:42  Zealot x5  
  154  18:46  Observer x2  
  152  19:04  Stalker x5  
  152  19:05  Zealot x3  
  112  19:38  Stalker x3  
  112  19:39  Stalker x2  
  112  19:40  Zealot x2  
  112  19:41  Zealot  
  128  20:01  Assimilator  
  128  20:03  High Templar  
  128  20:04  High Templar x3  
  128  20:05  Assimilator, Zealot x4  
  144  20:09  Pylon  
  144  20:11  Pylon  
  144  20:18  Nexus  
  144  20:22  Archon x2  
  144  20:27  Stalker x3  
  144  20:43  Zealot x3  
  144  20:44  Zealot x2  
  126  21:01  Zealot x3  
  128  21:04  Stalker x2  
  128  21:05  Stalker  
Tags
 
Composition
MMM Bio
Matchup
PvT
Spawn Locations
Cross Positions
Add a new tag
Caveats
  • Supply blocks, unpowered buildings, or Contaminate may cause inaccurate times.
  • Supply counts are checked every 10 seconds.